[Event "Saturday 07 April Rapid Engine Tour 12+1 Rounds 9 Starts 1600ST"]
[Site "Infinity Chess"]
[Date "2018.4.7"]
[Round "8"]
[White "beka"]
[Black "Thinker"]
[Result "1/2-1/2"]
[ECO "A20"]
[WhiteElo "2366"]
[BlackElo "2453"]
[WhiteEngine "stockfish_18032408_32bit"]
[BlackEngine "BrainFish_180404_x64_modern_CTG"]
[EventType "Swiss"]
[WhiteTeam ""]
[BlackTeam ""]
[PlyCount "88"]
[TimeControl "720+1"]

1. c4 e5 2. g3 Nf6 3. Bg2 d5 4. cxd5 Nxd5 5. Nf3 Nc6 6. O-O Nb6 7. b3 Be7 
8. Bb2 f6 9. d4 e4 10. Ne1 f5 11. f3 exf3 12. Bxf3 O-O 13. e3 Nb4 14. Nd2 c6 
15. Nc4 Be6 16. Qe2 Bd5 17. Ng2 Bxf3 18. Rxf3 Qd5 19. Ne5 Qb5 20. Qd1 c5 
21. a3 cxd4 22. exd4 Nc6 23. a4 Qa5 24. Nxc6 bxc6 25. Qd3 g6 26. Bc3 Bb4 
27. Rc1 Rfc8 28. Ne3 Nd5 29. Bxb4 Qxb4 30. Kg2 Nf6 31. Nc4 Rc7 32. Ne5 Qd6 
33. Qc4+ Kg7 34. Qc5 Qe6 35. Qc4 Nd5 36. Re1 Qd6 37. Rc1 Rac8 38. Qc5 Qe6 
39. Rf2 Ne3+ 40. Kg1 Nd5 41. Kg2 Ne3+ 42. Kg1 Nd5 43. Qc4 Qd6 44. Qc5 Qe6 
1/2-1/2

[Event "Saturday 07 April Rapid Engine Tour 12+1 Rounds 9 Starts 1600ST"]
[Site "Infinity Chess"]
[Date "2018.4.7"]
[Round "8"]
[White "Deep_Impact"]
[Black "RonWeasley"]
[Result "1/2-1/2"]
[ECO "E10"]
[WhiteElo "2458"]
[BlackElo "2432"]
[WhiteEngine "BrainFish_180404_x64_bmi2"]
[BlackEngine "BrainFish EMT_CTG"]
[EventType "Swiss"]
[WhiteTeam ""]
[BlackTeam ""]
[PlyCount "135"]
[TimeControl "720+1"]

1. d4 Nf6 2. c4 e6 3. Nf3 d5 4. Nc3 c6 5. Bg5 h6 6. Bxf6 Qxf6 7. e3 Nd7 
8. Be2 g6 9. O-O Be7 10. Nd2 O-O 11. Rc1 Qg7 12. Qc2 Rd8 13. a3 g5 14. h3 Nf6 
15. g3 b6 16. cxd5 Nxd5 17. Rfd1 Bd7 18. Nf3 Nxc3 19. Qxc3 c5 20. Ne5 Bf6 
21. Kh2 cxd4 22. exd4 Rac8 23. Qe3 Ba4 24. b3 Be8 25. Rxc8 Rxc8 26. a4 Qf8 
27. Bc4 Bg7 28. Rd3 Qe7 29. Ng4 h5 30. Ne5 Rd8 31. Kg1 Kf8 32. Qe4 Kg8 33. h4 g4 
34. f3 a6 35. Bxa6 Qd6 36. Bc4 f6 37. Kh2 fxe5 38. dxe5 Qe7 39. Rxd8 Qxd8 
40. Bxe6+ Kh8 41. fxg4 Qe7 42. Qf5 hxg4 43. Qxg4 Qc5 44. Bc4 Qxe5 45. Qc8 Kh7 
46. Bd3+ Bg6 47. Bxg6+ Kxg6 48. Qd7 Bf8 49. Qd3+ Kh6 50. Kg2 Be7 51. Kh3 Bd6 
52. Qf3 Qe6+ 53. Kg2 Qe5 54. Kh3 Kg6 55. Qg4+ Kf7 56. Qf3+ Ke8 57. Qg4 Qd5 
58. Qg6+ Kd7 59. h5 Qxb3 60. Qg4+ Kc6 61. h6 Qb1 62. Qc4+ Kb7 63. Qd5+ Kc7 
64. Qf7+ Kc6 65. Qf3+ Kc7 66. Qf7+ Kc6 67. Qf3+ Kc7 68. Qf7+ 1/2-1/2

[Event "Saturday 07 April Rapid Engine Tour 12+1 Rounds 9 Starts 1600ST"]
[Site "Infinity Chess"]
[Date "2018.4.7"]
[Round "8"]
[White "hafaba"]
[Black "Vimtiroba"]
[Result "1/2-1/2"]
[ECO "D45"]
[WhiteElo "2463"]
[BlackElo "2380"]
[WhiteEngine "Eman 1.70-beta18 64-bit POPCNT_CTG"]
[BlackEngine "SF9 ''A6''_CTG"]
[EventType "Swiss"]
[WhiteTeam ""]
[BlackTeam ""]
[PlyCount "113"]
[TimeControl "720+1"]

1. d4 d5 2. c4 e6 3. Nc3 Nf6 4. Nf3 c6 5. e3 Nbd7 6. Qc2 Bd6 7. Bd3 O-O 
8. O-O dxc4 9. Bxc4 b5 10. Bd3 Bb7 11. e4 e5 12. h3 exd4 13. Nxd4 Nc5 
14. Rd1 Qc7 15. Bg5 Bh2+ 16. Kh1 Be5 17. Nf3 h6 18. Bh4 Bxc3 19. bxc3 Nh5 
20. Nd4 Rfe8 21. f3 Ng3+ 22. Kg1 Qf4 23. Bxg3 Qxg3 24. Qf2 Qxf2+ 25. Kxf2 Na4 
26. Ne2 Nb2 27. Rd2 Nxd3+ 28. Rxd3 c5 29. Nf4 g5 30. Nd5 Bxd5 31. Rxd5 Rec8 
32. Ke3 Rab8 33. h4 gxh4 34. Rh1 b4 35. Rxh4 bxc3 36. Rxh6 Kg7 37. Rh1 Rb2 
38. Rc1 Rxg2 39. a3 c2 40. Rd2 Rxd2 41. Kxd2 Rd8+ 42. Kc3 Kf6 43. Rxc2 Kg5 
44. Kc4 Kf4 45. Rc3 Rd7 46. Kb5 c4 47. Rxc4 Kxf3 48. a4 f6 49. a5 Kf4 
50. Rc6 Ke5 51. Kb4 Rf7 52. a6 Kxe4 53. Rc4+ Kd3 54. Rc3+ Ke4 55. Rc4+ Kd3 
56. Rc3+ Ke4 57. Rc4+ 1/2-1/2

[Event "Saturday 07 April Rapid Engine Tour 12+1 Rounds 9 Starts 1600ST"]
[Site "Infinity Chess"]
[Date "2018.4.7"]
[Round "8"]
[White "KRAKEN"]
[Black "SkyPilot"]
[Result "1/2-1/2"]
[ECO "E73"]
[WhiteElo "2474"]
[BlackElo "2477"]
[WhiteEngine "Raubfisch X38_CTG"]
[BlackEngine "stockfish_x64_bmi2_2018_03_30_CTG"]
[EventType "Swiss"]
[WhiteTeam ""]
[BlackTeam ""]
[PlyCount "140"]
[TimeControl "720+1"]

1. d4 Nf6 2. c4 g6 3. Nc3 Bg7 4. e4 d6 5. Be2 O-O 6. Nf3 e5 7. O-O Nc6 8. d5 Ne7 
9. b4 Kh8 10. Nd2 Ne8 11. Nb3 f5 12. f3 f4 13. a4 Nf6 14. c5 g5 15. Nd2 c6 
16. cxd6 Qxd6 17. Nc4 Qd8 18. d6 Ng6 19. a5 g4 20. fxg4 Be6 21. a6 b6 22. b5 Rc8 
23. Na3 Rf7 24. bxc6 Rxc6 25. Nab5 Bf8 26. Ba3 Ne8 27. Qa4 Rc8 28. Rad1 Rd7 
29. Bb4 Bxd6 30. Qa3 Bxb4 31. Qxb4 Rc5 32. h3 Nc7 33. Nxa7 Rxd1 34. Rxd1 Qh4 
35. Bf3 Nxa6 36. Qxb6 Rxc3 37. Qxe6 Rd3 38. Kf1 Nb4 39. Qc4 Qd8 40. Rc1 Rd7 
41. Qc8 Qxc8 42. Nxc8 h6 43. Rc4 Rd8 44. Nb6 Rd4 45. Be2 Rxc4 46. Bxc4 Nc2 
47. Kf2 Nf8 48. g3 Nd4 49. h4 Kg7 50. Bd5 fxg3+ 51. Kxg3 Ne2+ 52. Kf2 Nc3 
53. Ke3 Ng6 54. h5 Nf8 55. Bc4 Nh7 56. Be6 Nf8 57. Bc4 Nh7 58. Be6 Nf8 
59. Bd5 Nb5 60. Nc8 Kf6 61. Kf3 Ne6 62. Bxe6 Kxe6 63. g5 hxg5 64. h6 Kf7 
65. h7 Kg7 66. Ne7 g4+ 67. Kxg4 Kxh7 68. Nd5 Nd4 69. Nc3 Kg6 70. Nb1 Kf7 1/2-1/2

[Event "Saturday 07 April Rapid Engine Tour 12+1 Rounds 9 Starts 1600ST"]
[Site "Infinity Chess"]
[Date "2018.4.7"]
[Round "8"]
[White "Harry_Potter"]
[Black "Murx"]
[Result "1/2-1/2"]
[ECO "C55"]
[WhiteElo "2504"]
[BlackElo "2505"]
[WhiteEngine "Stockfish_x64_bmi2_CTG"]
[BlackEngine "asmFishW_2018-04-01_bmi2"]
[EventType "Swiss"]
[WhiteTeam ""]
[BlackTeam ""]
[PlyCount "105"]
[TimeControl "720+1"]

1. e4 e5 2. Nf3 Nc6 3. Bc4 Nf6 4. d3 a6 5. O-O Bc5 6. c3 Ba7 7. a4 d6 8. Na3 h6 
9. Nc2 O-O 10. Be3 Bb8 11. Re1 Ne7 12. d4 Nxe4 13. dxe5 d5 14. Ba2 c5 
15. Qe2 Re8 16. Rad1 Qd7 17. Bxh6 Qxa4 18. Bxd5 Nxd5 19. Rxd5 Be6 20. Rdd1 gxh6 
21. Qxe4 Qxe4 22. Rxe4 Bf5 23. Re2 Bxc2 24. Rxc2 Bxe5 25. Rd5 Rad8 26. Rcd2 Bf6 
27. Kf1 c4 28. Rc5 Rxd2 29. Nxd2 b5 30. f4 Kg7 31. Rc6 Re6 32. Rc8 a5 33. g3 Re7 
34. Rc5 Rb7 35. Rc6 a4 36. Ra6 Be7 37. Ke2 h5 38. Ne4 f5 39. Nd2 Kf7 40. Nf3 Bf6 
41. Ke3 Re7+ 42. Kf2 Re6 43. Ra5 Rb6 44. Ke2 Ke6 45. Ra7 Kd5 46. Ke3 Rd6 
47. Ra8 Kc5 48. Ne5 Re6 49. Rc8+ Kb6 50. Rb8+ Kc5 51. Rc8+ Kb6 52. Rb8+ Kc5 
53. Rc8+ 1/2-1/2

[Event "Saturday 07 April Rapid Engine Tour 12+1 Rounds 9 Starts 1600ST"]
[Site "Infinity Chess"]
[Date "2018.4.7"]
[Round "8"]
[White "Eman"]
[Black "Susanne"]
[Result "1/2-1/2"]
[ECO "B32"]
[WhiteElo "2481"]
[BlackElo "2514"]
[WhiteEngine "Eman 1.70-beta18 64-bit POPCNT"]
[BlackEngine "stockfish_jvv03_x64_bmi2_CTG"]
[EventType "Swiss"]
[WhiteTeam ""]
[BlackTeam ""]
[PlyCount "149"]
[TimeControl "720+1"]

1. e4 c5 2. Nf3 Nc6 3. d4 cxd4 4. Nxd4 e5 5. Nb5 d6 6. c4 Nf6 7. Bd3 Be7 
8. N5c3 O-O 9. O-O h6 10. h3 Nd7 11. Nd5 Bg5 12. Nbc3 Bxc1 13. Qxc1 Nc5 
14. Qe3 Be6 15. Rad1 a6 16. b3 Nd4 17. f4 Nd7 18. Kh2 Kh8 19. fxe5 dxe5 
20. Ne2 Nc6 21. Ng1 Qa5 22. Nf3 Rad8 23. Bb1 Qa3 24. g4 f6 25. Qe1 Qc5 
26. Qd2 a5 27. Nh4 Rf7 28. Nf5 Bxf5 29. gxf5 Nd4 30. Bd3 Nb6 31. Kg3 Rfd7 
32. h4 Rc8 33. Rc1 Rd6 34. Rb1 Nxd5 35. cxd5 Rdd8 36. Kg4 Rg8 37. h5 Qa3 
38. Qb2 Qxb2 39. Rxb2 Rc3 40. Rd1 b5 41. Kg3 Ra8 42. Kf2 Kh7 43. Rbb1 Rac8 
44. d6 Kg8 45. d7 Rd8 46. Rbc1 Rxc1 47. Rxc1 Rxd7 48. Rc8+ Kf7 49. Ra8 Ke7 
50. Ke3 a4 51. bxa4 bxa4 52. Rxa4 Rc7 53. Bc4 Kd6 54. a3 Kd7 55. Kd3 Kd6 
56. Ra8 Kc5 57. Kc3 Kb6 58. Rb8+ Ka7 59. Rb2 Nc6 60. Kd3 Nd4 61. Bg8 Nf3 
62. Bd5 Rd7 63. Kc4 Rc7+ 64. Kb5 Nd4+ 65. Ka4 Nf3 66. Rb1 Ka6 67. Rb4 Ka7 
68. Rc4 Rxc4+ 69. Bxc4 Ng5 70. Bd3 Kb6 71. Kb4 Nh3 72. Be2 Ng5 73. Bd3 Nh3 
74. Be2 Ng5 75. Bd3 1/2-1/2

[Event "Saturday 07 April Rapid Engine Tour 12+1 Rounds 9 Starts 1600ST"]
[Site "Infinity Chess"]
[Date "2018.4.7"]
[Round "8"]
[White "fati64"]
[Black "ocirema"]
[Result "1/2-1/2"]
[ECO "C50"]
[WhiteElo "2460"]
[BlackElo "2455"]
[WhiteEngine "BrainFish_180404_x64"]
[BlackEngine "asmFishW_2018-04-01_popcnt"]
[EventType "Swiss"]
[WhiteTeam ""]
[BlackTeam ""]
[PlyCount "92"]
[TimeControl "720+1"]

1. e4 e5 2. Nf3 Nc6 3. Bc4 Bc5 4. O-O Nf6 5. d3 d6 6. c3 O-O 7. Bg5 h6 8. Bh4 a6 
9. a4 g5 10. Bg3 Ba7 11. Nbd2 Nh7 12. h3 h5 13. Kh1 Kh8 14. b4 h4 15. Bh2 g4 
16. hxg4 Bxg4 17. b5 Na5 18. Ba2 Ng5 19. Qe1 h3 20. Nxg5 Qxg5 21. g3 Bh5 
22. f4 Qg4 23. fxe5 dxe5 24. Rf5 axb5 25. axb5 Kg7 26. d4 Rae8 27. Bg1 Bg6 
28. Rf3 h2 29. Bf2 f5 30. dxe5 Bxf2 31. Rxf2 fxe4 32. Rxf8 Rxf8 33. Qe3 b6 
34. e6 Nb7 35. Qd4+ Kh6 36. e7 Re8 37. Kxh2 Qe2+ 38. Kg1 Qg4 39. Qf2 Rxe7 
40. Kg2 Bf5 41. Rh1+ Kg6 42. Rh8 Rh7 43. Rg8+ Rg7 44. Rh8 Rh7 45. Rg8+ Rg7 
46. Rh8 Rh7 1/2-1/2

[Event "Saturday 07 April Rapid Engine Tour 12+1 Rounds 9 Starts 1600ST"]
[Site "Infinity Chess"]
[Date "2018.4.7"]
[Round "8"]
[White "THE_MACHINE"]
[Black "MarioDeMonti"]
[Result "1-0"]
[ECO "C50"]
[WhiteElo "2505"]
[BlackElo "2513"]
[WhiteEngine "BrainFish_180404_x64_bmi2"]
[BlackEngine "stockfish_x64_bmi2_2018_02_18_CTG"]
[EventType "Swiss"]
[WhiteTeam ""]
[BlackTeam ""]
[PlyCount "227"]
[TimeControl "720+1"]

1. e4 e5 2. Nf3 Nc6 3. Bc4 Bc5 4. O-O Nf6 5. d3 d6 6. c3 O-O 7. Nbd2 a5 
8. Re1 h6 9. Nf1 a4 10. h3 Bd7 11. Bb5 Ne7 12. Bxd7 Qxd7 13. Ng3 Bb6 14. d4 Rfe8 
15. Be3 Qb5 16. Rb1 exd4 17. cxd4 d5 18. e5 Ne4 19. Nh4 Nxg3 20. fxg3 g5 
21. Kh1 Qd7 22. Nf3 Nf5 23. Bf2 Rf8 24. Qd3 Ng7 25. Nh2 f5 26. exf6 Qf5 
27. Qb5 Ne8 28. Ng4 Kh8 29. Be3 Nd6 30. Qe2 Qh7 31. Kh2 c6 32. Rf1 Ne4 
33. Rbc1 Bd8 34. f7 Bc7 35. Ne5 Bxe5 36. dxe5 Rxf7 37. Rf3 Re7 38. Rcf1 Kg8 
39. Rf5 Qg6 40. Qf3 Rae8 41. b4 b6 42. a3 b5 43. g4 Kh8 44. g3 Qe6 45. Bd4 Rg7 
46. Qe2 Rg6 47. Bb2 Kg8 48. Qd3 Rg7 49. Qd4 Rg6 50. R1f3 Ra8 51. Qe3 Rc8 
52. Qd3 Re8 53. Kg1 Kh8 54. Bd4 Kg8 55. Ba1 Rg7 56. Kg2 Rg6 57. Rf1 Rc8 
58. R5f3 Ra8 59. Bb2 Rd8 60. Qe3 Re8 61. Qd3 Rg7 62. Bd4 Rg6 63. Bb2 Rg7 
64. Rf5 Rg6 65. Kg1 Kh8 66. Kg2 Kg8 67. Kg1 Kg7 68. Bd4 Kh8 69. Kg2 Kg8 
70. Qf3 Kh8 71. Qd3 Kg8 72. Ba1 Kh8 73. Rf7 Kg8 74. Qf3 Re7 75. Rf8+ Kh7 
76. Qd3 Re8 77. R8f6 Rxf6 78. Rxf6 Qd7 79. Bd4 Re6 80. Rf8 Re8 81. Rxe8 Qxe8 
82. Qf3 Qe6 83. Qf5+ Qg6 84. Kh2 h5 85. Qd7+ Kg8 86. Qd8+ Kf7 87. Qd7+ Kg8 
88. Qc8+ Kh7 89. gxh5 Qxh5 90. g4 Qg6 91. Qf5 Nd2 92. e6 Qxf5 93. gxf5 Nf3+ 
94. Kh1 Kg8 95. Bf2 g4 96. hxg4 Ng5 97. Kg2 Kf8 98. Bc5+ Kg8 99. Kg3 Kg7 
100. Bd4+ Kf8 101. Kf4 Nh3+ 102. Ke5 Ng5 103. Be3 Nf3+ 104. Kd6 Kg7 105. e7 Kf7 
106. Kd7 Ne5+ 107. Kd8 Kf6 108. e8=Q Nf7+ 109. Kc7 d4 110. Qe6+ Kg7 
111. Qg6+ Kf8 112. Bxd4 c5 113. Bxc5+ Nd6 114. Bxd6# 1-0

[Event "Saturday 07 April Rapid Engine Tour 12+1 Rounds 9 Starts 1600ST"]
[Site "Infinity Chess"]
[Date "2018.4.7"]
[Round "8"]
[White "star99"]
[Black "xeonrocks"]
[Result "0-1"]
[ECO "C50"]
[WhiteElo "2490"]
[BlackElo "2549"]
[WhiteEngine "Cryptic Heroes 9.3B"]
[BlackEngine "Stockfish_x64_bmi2_CTG"]
[EventType "Swiss"]
[WhiteTeam ""]
[BlackTeam ""]
[PlyCount "204"]
[TimeControl "720+1"]

1. e4 e5 2. Nf3 Nc6 3. Bc4 Bc5 4. d3 Nf6 5. O-O d6 6. c3 a5 7. Re1 Ba7 
8. Nbd2 O-O 9. h3 Be6 10. b3 Qd7 11. Nf1 d5 12. exd5 Nxd5 13. Bd2 f6 14. Qc2 Kh8 
15. a3 Rab8 16. b4 b5 17. Ba2 axb4 18. axb4 Bb6 19. Ng3 Rbd8 20. Bb1 Bf7 
21. Qb2 Nde7 22. Be3 Bd5 23. Qe2 Ng6 24. Ne4 f5 25. Ned2 Rde8 26. Qd1 Qd8 
27. Ra6 Nce7 28. c4 Bb7 29. Ra2 Bxe3 30. fxe3 bxc4 31. dxc4 e4 32. Nd4 Nc6 
33. Nxc6 Bxc6 34. b5 Bb7 35. Nf1 Qg5 36. Qd4 h6 37. Kh1 Qh4 38. Qc3 Ne5 
39. Ree2 Rf7 40. c5 Bd5 41. Ra4 f4 42. exf4 Rxf4 43. Qe1 Ng4 44. Kg1 Ref8 
45. Nd2 Nf2 46. Bxe4 Qg3 47. Bxd5 Nxh3+ 48. Kh1 Qxe1+ 49. Rxe1 Nf2+ 50. Kh2 Rxa4 
51. Nf3 Ng4+ 52. Kg3 Nf6 53. Bc6 Rc4 54. Re7 Kh7 55. Rxc7 Rxc5 56. Re7 Rc4 
57. Re6 Rb4 58. Kh2 Kg8 59. Re7 Rd8 60. Re1 Rd3 61. Ne5 Rdb3 62. Rc1 Kh7 
63. Rd1 h5 64. Nd7 Ng4+ 65. Kg1 Rc3 66. Re1 Kh6 67. Ne5 Nxe5 68. Rxe5 g5 
69. Re6+ Kg7 70. Kf2 g4 71. Ke1 Rb2 72. Re2 Rxe2+ 73. Kxe2 h4 74. Kd2 Rc5 
75. Ke3 h3 76. gxh3 gxh3 77. Kd4 Rc1 78. Be4 Rd1+ 79. Kc4 Kf6 80. b6 Ke5 
81. Bf3 Rc1+ 82. Kd3 Kd6 83. Kd2 Ra1 84. b7 Kc7 85. b8=Q+ Kxb8 86. Ke2 h2 
87. Bg2 Kc7 88. Kf3 Kd6 89. Ke3 h1=R 90. Bxh1 Rxh1 91. Kf4 Rh4+ 92. Ke3 Kd5 
93. Ke2 Ke4 94. Kd2 Kd4 95. Ke2 Rf4 96. Kd2 Rf2+ 97. Ke1 Ke3 98. Kd1 Re2 
99. Kc1 Kd3 100. Kb1 Kc3 101. Ka1 Kb3 102. Kb1 Re1# 0-1

[Event "Saturday 07 April Rapid Engine Tour 12+1 Rounds 9 Starts 1600ST"]
[Site "Infinity Chess"]
[Date "2018.4.7"]
[Round "7"]
[White "Dovahkiin"]
[Black "KQRBNP"]
[Result "1/2-1/2"]
[ECO "B90"]
[WhiteElo "2363"]
[BlackElo "2410"]
[WhiteEngine "corchess_x64_modern_CTG"]
[BlackEngine "Eman 1.70-beta18 64-bit POPCNT"]
[EventType "Swiss"]
[WhiteTeam ""]
[BlackTeam ""]
[PlyCount "157"]
[TimeControl "720+1"]

1. e4 c5 2. Nf3 d6 3. d4 cxd4 4. Nxd4 Nf6 5. Nc3 a6 6. f3 e5 7. Nb3 Be6 
8. Be3 Be7 9. Qd2 Nbd7 10. g4 O-O 11. O-O-O b5 12. g5 Nh5 13. Nd5 Bxd5 
14. exd5 f6 15. gxf6 Bxf6 16. Na5 Qe8 17. Bh3 Nf4 18. Bxf4 exf4 19. Rhe1 Ne5 
20. Re4 Kh8 21. Qe2 Qd8 22. Nc6 Qb6 23. Be6 Rae8 24. Bd7 Ra8 25. Nxe5 Bxe5 
26. c3 Ra7 27. Bc6 g5 28. h3 Re7 29. Qg2 Rg7 30. Qg1 Qd8 31. Qg4 Rgg8 
32. Rd2 Qf6 33. Qh5 Rb8 34. Kb1 h6 35. a3 Kh7 36. Qg4 Qg6 37. Kc1 Qf6 
38. Rg2 Rg6 39. Qd7+ Rg7 40. Qe6 Qg6 41. a4 Qxe6 42. dxe6 Rc7 43. Bd7 Kg7 
44. axb5 axb5 45. Kd1 Kf6 46. h4 gxh4 47. Rg4 Rc4 48. Rxh4 Rxe4 49. fxe4 Rh8 
50. Kd2 Ke7 51. Rh5 Bf6 52. Bxb5 Kxe6 53. Bc6 Ke7 54. Bd5 Bg5 55. Ke2 Bf6 
56. Rh3 h5 57. b3 h4 58. b4 Kd8 59. c4 Be5 60. Kf3 Kc7 61. Kg4 Kb6 62. Ra3 h3 
63. Rxh3 Rxh3 64. Kxh3 f3 65. Be6 Kc6 66. Bg4 f2 67. Kg2 Bc3 68. Kxf2 Bxb4 
69. Be6 d5 70. Bxd5+ Kc5 71. Ke3 Bc3 72. Kd3 Be5 73. Bf7 Kb6 74. Be6 Kc5 
75. Bh3 Bg3 76. Bd7 Bd6 77. Bc8 Bf4 78. Bf5 Be5 79. Bc8 1/2-1/2

[Event "Saturday 07 April Rapid Engine Tour 12+1 Rounds 9 Starts 1600ST"]
[Site "Infinity Chess"]
[Date "2018.4.7"]
[Round "7"]
[White "RonWeasley"]
[Black "angriff"]
[Result "1/2-1/2 "]
[ECO "E38"]
[WhiteElo "2435"]
[BlackElo "2355"]
[WhiteEngine "BrainFish EMT_CTG"]
[BlackEngine "DracoREX 3.07 64BIT POPCNT_CTG"]
[EventType "Swiss"]
[WhiteTeam ""]
[BlackTeam ""]
[PlyCount "147"]
[TimeControl "720+1"]

1. d4 Nf6 2. c4 e6 3. Nc3 Bb4 4. Qc2 c5 5. dxc5 O-O 6. a3 Bxc5 7. Nf3 b6 
8. e4 Ng4 9. Bg5 f6 10. Bh4 Nc6 11. O-O-O a5 12. Kb1 Ba6 13. Nb5 Rc8 
14. Qd2 Nge5 15. Nxe5 Nxe5 16. Bg3 Qe7 17. Be2 Rfd8 18. f4 Nf7 19. Rhe1 e5 
20. Qd3 d6 21. Rd2 exf4 22. Bxf4 Ne5 23. Qh3 Kh8 24. Red1 Rb8 25. Ka1 Bb7 
26. Nc3 Qf7 27. Bg4 Nxg4 28. Qxg4 Qxc4 29. Bxd6 Bxd6 30. Rxd6 Rxd6 31. Rxd6 Ba6 
32. Qf4 Qc5 33. Rd4 Rc8 34. Qd6 h6 35. Qxc5 Rxc5 36. g3 Rc6 37. Kb1 g5 
38. Kc1 Kg8 39. Kd2 Kf7 40. Rd7+ Ke6 41. Rh7 Bc4 42. Rxh6 Rd6+ 43. Kc1 b5 
44. Rh7 b4 45. axb4 axb4 46. Nd1 Rd4 47. Nf2 Bd3 48. Kd2 Bxe4+ 49. Ke3 Bxh7 
50. Kxd4 Bc2 51. Kc5 b3 52. Kb4 f5 53. Kc3 f4 54. Nh3 Kf5 55. Nf2 Ke5 56. Nh3 f3 
57. g4 f2 58. Nxf2 Kf4 59. Kd2 Kf3 60. Nh3 Kxg4 61. Ng1 Bf5 62. Kc3 Be6 
63. Kb4 Bd5 64. Kc3 Bf7 65. Kb4 Be6 66. Kb5 Kf4 67. Ne2+ Ke3 68. Ng3 Kd2 
69. Ka4 Ke3 70. Kb5 Kf3 71. Kb4 Kg2 72. Ne4 g4 73. Nf6 Kxh2 74. Nxg4+ 1/2-1/2

[Event "Saturday 07 April Rapid Engine Tour 12+1 Rounds 9 Starts 1600ST"]
[Site "Infinity Chess"]
[Date "2018.4.7"]
[Round "7"]
[White "Vimtiroba"]
[Black "beka"]
[Result "1/2-1/2"]
[ECO "B50"]
[WhiteElo "2381"]
[BlackElo "2365"]
[WhiteEngine "SF9 ''A6''_CTG"]
[BlackEngine "stockfish_18032408_32bit"]
[EventType "Swiss"]
[WhiteTeam ""]
[BlackTeam ""]
[PlyCount "189"]
[TimeControl "720+1"]

1. e4 c5 2. Nf3 d6 3. Nc3 Nf6 4. h3 a6 5. d4 cxd4 6. Nxd4 e5 7. Nde2 h5 
8. Bg5 Be6 9. g3 Be7 10. Bg2 b5 11. Nc1 b4 12. Nd5 Nxd5 13. exd5 Bf5 
14. Bxe7 Qxe7 15. O-O a5 16. Nd3 Nd7 17. a3 bxa3 18. Rxa3 Qd8 19. b3 Qc7 
20. Qd2 O-O 21. Rfa1 Rfb8 22. Ra4 Rc8 23. Rc4 Qd8 24. Rc6 e4 25. Ne1 Ne5 
26. Rxc8 Bxc8 27. h4 f5 28. Bf1 Bd7 29. Be2 a4 30. bxa4 Rxa4 31. Rxa4 Bxa4 
32. Qb4 Be8 33. Ng2 Qc7 34. Nf4 Bf7 35. c4 g6 36. Kf1 Nd7 37. Qa3 Qb8 
38. Nh3 Nc5 39. Qa5 Qe8 40. Qd2 Qe5 41. Nf4 Kg7 42. Kg2 Qa1 43. Qb4 Qe5 
44. Qb6 Qe7 45. Qb2+ Qf6 46. Qd2 Qe5 47. Nh3 Be8 48. Ng5 Kg8 49. Qb4 Kg7 
50. Qb8 Qe7 51. Kf1 Kg8 52. Qa8 Kf8 53. Qa1 Kg8 54. Qb2 Qg7 55. Qa3 Qd7 
56. Kg2 Qe7 57. Qa1 Bd7 58. Qc1 Qf6 59. Qd2 Qe7 60. Qb4 Kg7 61. Qb6 Be8 
62. Qa5 Kg8 63. Qa1 Bd7 64. Qa8+ Kg7 65. Qb8 Qf6 66. Qa7 Qe7 67. Qa8 Be8 
68. Qa5 Bd7 69. Qc3+ Kg8 70. Qb4 Kf8 71. Qb8+ Kg7 72. Qa8 Qf6 73. Qa3 Qe5 
74. Qa7 Qe7 75. Qa3 Be8 76. Qa1+ Kg8 77. Kf1 Ba4 78. Qc3 Bd7 79. Qa5 Be8 
80. Kg2 Kg7 81. f3 exf3+ 82. Bxf3 Qe5 83. Qc7+ Kf8 84. Nh7+ Kg8 85. Ng5 Kf8 
86. Qd8 Kg7 87. Kh3 Bd7 88. Kg2 f4 89. gxf4 Qe1 90. f5 Bxf5 91. Qxd6 Qd2+ 
92. Kh1 Qe1+ 93. Kg2 Qd2+ 94. Kg1 Qe1+ 95. Kg2 1/2-1/2

[Event "Saturday 07 April Rapid Engine Tour 12+1 Rounds 9 Starts 1600ST"]
[Site "Infinity Chess"]
[Date "2018.4.7"]
[Round "7"]
[White "KhalidOmar"]
[Black "Deep_Impact"]
[Result "1/2-1/2"]
[ECO "C77"]
[WhiteElo "2407"]
[BlackElo "2460"]
[WhiteEngine "Eman 1.70-beta18 64-bit BMI2"]
[BlackEngine "BrainFish_180404_x64_bmi2"]
[EventType "Swiss"]
[WhiteTeam ""]
[BlackTeam ""]
[PlyCount "128"]
[TimeControl "720+1"]

1. e4 e5 2. Nf3 Nc6 3. Bb5 a6 4. Ba4 Nf6 5. O-O Be7 6. Re1 b5 7. Bb3 O-O 
8. a4 b4 9. a5 d6 10. c3 Rb8 11. Bc4 Nxe4 12. Bd5 Nxf2 13. Kxf2 Nxa5 14. cxb4 c6 
15. Ba2 Rxb4 16. d3 Qb6+ 17. Be3 Qb7 18. Nbd2 Bf5 19. Qe2 Rxb2 20. Kg1 h6 
21. Bd4 exd4 22. Qxe7 Qxe7 23. Rxe7 Bxd3 24. h3 Nb7 25. Rc7 Nd8 26. Bc4 Bxc4 
27. Nxc4 Rc2 28. Na5 d3 29. Ne1 Rc3 30. Rd1 Rc5 31. Nb7 Ne6 32. Rd7 d2 
33. Rxd2 Rc1 34. Kf2 d5 35. Rc2 Rb1 36. Nd3 Rb8 37. Nbc5 Nxc5 38. Nxc5 a5 
39. Re7 g5 40. Nd7 R8b2 41. Ree2 Rxc2 42. Rxc2 a4 43. Rxc6 Rb2+ 44. Kf3 Rb3+ 
45. Kf2 Rb2+ 46. Kf3 Rb3+ 47. Ke2 Rb2+ 48. Kd3 Rxg2 49. Rxh6 Rg3+ 50. Kd4 Kg7 
51. Ra6 a3 52. Ne5 Rxh3 53. Kxd5 f6 54. Ng4 Kg6 55. Nxf6 Kf5 56. Ne8 a2 
57. Nd6+ Kf4 58. Ra4+ Kf3 59. Ne4 Ke3 60. Nd6 a1=Q 61. Nc4+ Kf4 62. Rxa1 Rd3+ 
63. Ke6 g4 64. Ne5 Rd4 1/2-1/2

[Event "Saturday 07 April Rapid Engine Tour 12+1 Rounds 9 Starts 1600ST"]
[Site "Infinity Chess"]
[Date "2018.4.7"]
[Round "7"]
[White "Prometheus"]
[Black "hafaba"]
[Result "1/2-1/2"]
[ECO "C20"]
[WhiteElo "2447"]
[BlackElo "2464"]
[WhiteEngine "Eman 1.70-beta18 64-bit BMI2"]
[BlackEngine "Eman 1.70-beta18 64-bit POPCNT_CTG"]
[EventType "Swiss"]
[WhiteTeam ""]
[BlackTeam ""]
[PlyCount "88"]
[TimeControl "720+1"]

1. e4 e5 2. c4 Bc5 3. Nc3 d6 4. Nf3 Nc6 5. d3 Nge7 6. Be3 f5 7. exf5 Bxf5 
8. Be2 Nd4 9. O-O O-O 10. Bxd4 exd4 11. Ne4 a5 12. Nxc5 dxc5 13. Nh4 Bc8 
14. g3 Nf5 15. Nxf5 Bxf5 16. Bg4 Qg5 17. Bxf5 Qxf5 18. f4 Ra6 19. Qf3 Re6 
20. Rae1 b6 21. Re4 Rxe4 22. dxe4 Qg6 23. b3 Qe6 24. e5 g5 25. Kg2 gxf4 
26. gxf4 Kh8 27. Qe4 Qg6+ 28. Qxg6 hxg6 29. Kf3 Kg7 30. Ke4 c6 31. Rg1 Kf7 
32. Rg4 Rh8 33. h4 Rd8 34. Kd3 Rh8 35. a3 Rb8 36. Ke4 Rd8 37. Kd3 Ra8 38. a4 Rh8 
39. Ke2 Rh6 40. Kd3 Rh5 41. Ke4 Rh8 42. Kd3 Rh5 43. Ke4 Rh6 44. Kd3 Rh5 1/2-1/2

[Event "Saturday 07 April Rapid Engine Tour 12+1 Rounds 9 Starts 1600ST"]
[Site "Infinity Chess"]
[Date "2018.4.7"]
[Round "7"]
[White "KRAKEN"]
[Black "Thinker"]
[Result "1/2-1/2"]
[ECO "E10"]
[WhiteElo "2475"]
[BlackElo "2452"]
[WhiteEngine "Raubfisch X38_CTG"]
[BlackEngine "BrainFish_180404_x64_modern_CTG"]
[EventType "Swiss"]
[WhiteTeam ""]
[BlackTeam ""]
[PlyCount "117"]
[TimeControl "720+1"]

1. d4 Nf6 2. c4 e6 3. Nf3 d5 4. Nc3 Be7 5. Bf4 O-O 6. e3 Nbd7 7. c5 c6 8. Bd3 b6 
9. b4 a5 10. a3 Nh5 11. Be5 f6 12. Bg3 axb4 13. axb4 Rxa1 14. Qxa1 e5 
15. Qa7 bxc5 16. bxc5 Re8 17. Qa4 Qc7 18. O-O Kh8 19. Bc2 Bb7 20. Bf5 Bc8 
21. Ra1 Nxg3 22. hxg3 exd4 23. Nxd4 Bxc5 24. Qxc6 Qxc6 25. Nxc6 g6 26. Bg4 f5 
27. Bf3 Bb7 28. Na5 d4 29. Nxb7 dxc3 30. Nxc5 Nxc5 31. Rc1 Ne4 32. Bxe4 Rxe4 
33. Rxc3 Re7 34. f3 Kg7 35. Kf2 h5 36. Rc5 Rb7 37. Rc1 g5 38. Re1 Kg6 
39. e4 fxe4 40. Rxe4 Kf6 41. Re8 Kg6 42. Kg1 Kf5 43. Kf2 Kf6 44. Re4 Kg7 
45. Re5 Kf6 46. Re2 Rb3 47. Re1 Rb2+ 48. Kf1 Ra2 49. Rb1 g4 50. Rb4 Ra1+ 
51. Kf2 Ra2+ 52. Kg1 Rc2 53. fxg4 Rc1+ 54. Kh2 hxg4 55. Rxg4 Kf5 56. Ra4 Kg5 
57. Ra5+ Kg4 58. Ra6 Rd1 59. Ra4+ 1/2-1/2